 Dungeon Crawl Stone Soup version 0.23.2-40-g277498a001 (webtiles) character file.

Game seed: 13454731494351574924

51 Amplified the Firebug (level 3, -15/26 HPs)
             Began as a Demonspawn Fire Elementalist on Aug 18, 2019.
             Killed by divine providence
             ... invoked by an orc priest
              (16 damage)
             ... on level 3 of the Dungeon.
             The game lasted 00:05:07 (2062 turns).

Amplified the Firebug (DsFE)                        Turns: 2062, Time: 00:05:07

Health: -15/26     AC:  3    Str:  8    XL:     3   Next: 57%
Magic:  3/6        EV: 12    Int: 17    God:
Gold:   142        SH:  0    Dex: 13    Spells: 6/7 levels left

rFire    . . .     SeeInvis .   b - +0 spear
rCold    . . .     Gourm    .   (no shield)
rNeg     . . .     Faith    .   a - +1 robe
rPois    .         Spirit   .   (no helmet)
rElec    .         Reflect  .   (no cloak)
rCorr    .         Harm     .   (no gloves)
MR       .....                  (no boots)
Stlth    +++.......             (no amulet)
HPRegen  0.08/turn              (no ring)
MPRegen  0.10/turn              (no ring)

@: slowed, very slow
A: claws 1, nightstalker 1
a: no special abilities


You were on level 3 of the Dungeon.
You were not hungry.

You visited 1 branch of the dungeon, and saw 3 of its levels.

You collected 142 gold pieces.

Inventory:

Hand Weapons
 b - a +0 spear (weapon)
Missiles
 e - 7 needles of sleeping
 g - 15 poisoned needles
Armour
 a - a +1 robe (worn)
Comestibles
 d - 2 chunks of flesh


   Skills:
 + Level 1.4 Fighting
 - Level 1.7 Dodging
 - Level 1.7 Stealth
 + Level 2.5 Spellcasting
 + Level 1.9 Conjurations
 + Level 3.1 Fire Magic


You had 6 spell levels left.
You knew the following spells:

 Your Spells              Type           Power        Failure   Level  Hunger
a - Flame Tongue          Conj/Fire      ##...        7%          1    #......

Your spell library contained the following spells:

 Spells                   Type           Power        Failure   Level  Hunger
 Throw Flame              Conj/Fire      ##....       10%         2    ##.....
 Conjure Flame            Conj/Fire      ##......     21%         3    ###....
 Inner Flame              Hex/Fire       #.......     28%         3    ###....
 Sticky Flame             Conj/Fire      ##......     54%         4    #####..
 Fireball                 Conj/Fire      ##........   88%         5    ######.


Dungeon Overview and Level Annotations

Branches:
Dungeon (3/15)

Altars:
Cheibriados
Qazlal
Trog


Innate Abilities, Weirdness & Mutations

You have sharp fingernails.
You are slightly more attuned to the shadows.


Message History

Evoke which item? (* to show all) (? for menu, Esc to quit)
Okay, then.
You aren't carrying any pieces of jewellery.
Unknown command.
You aren't carrying any scrolls.
Unknown command.
The jackal barely misses you. x2; The orc wizard completely misses you.
The jackal closely misses you. The jackal barely misses you.
The orc priest closely misses you. The jackal closely misses you.
Unknown command.
The jackal bites you but does no damage.
The jackal misses you. The goblin hits you with a +0 club.
* * * LOW HITPOINT WARNING * * *
The orc wizard gestures wildly while chanting.
The orc wizard flickers and vanishes!
Deactivating autopickup; reactivate with Ctrl-A.
The orc priest mumbles some strange prayers to Beogh against you.
Beogh smites you!
Ouch! That really hurt!
You die...

........## #....# #.##.#
##### #.##.####...#
#.##......#.#
#.#######<#.####
#†#######.#.##.#
#.##.{oh.....#.#####
#.#.##o.oh@....#.....#
#........g.......###.#
.......................#
...###.#...........########
.. #.#...........##..... .
#.#...............##
#.##...............# #.
#....#######...# .. .o.#


You could see an orc priest, 2 orc wizards, 2 jackals and a goblin.

Vanquished Creatures
  3 dart slugs
  2 leopard geckos
  10 bats
  A giant cockroach (D:2)
  4 goblins
  2 hobgoblins
  5 jackals
  7 frilled lizards
  4 kobolds
  6 rats
44 creatures vanquished.

Notes
Turn   | Place    | Note
-------+----------+-------------------------------------------
     0 | D:1      | Amplified the Demonspawn Fire Elementalist began the quest
                  | for the Orb.
     0 | D:1      | Reached XP level 1. HP: 13/13 MP: 3/3
   336 | D:1      | Gained mutation: You are slightly more attuned to the
                  | shadows. [demonic ancestry]
   336 | D:1      | Reached XP level 2. HP: 17/20 MP: 1/5
   545 | D:1      | Reached skill level 1 in Fighting
   550 | D:1      | Reached skill level 3 in Fire Magic
   888 | D:1      | Gained mutation: You have sharp fingernails. [demonic
                  | ancestry]
   888 | D:1      | Reached XP level 3. HP: 12/26 MP: 4/6
  1910 | D:2      | Found a snail-covered altar of Cheibriados.
  1911 | D:2      | Found a stormy altar of Qazlal.
  1911 | D:2      | Found a bloodstained altar of Trog.
  2062 | D:3      | HP: 1/26 [goblin/+0 club (1)]
  2062 | D:3      | Killed from afar by an orc priest

Skill      XL: |  1  2 |
---------------+-------+-----
Fighting       | 1 |  1.4
Fire Magic     | 3 |  3.1
Dodging        | |  1.7
Stealth        | |  1.7
Spellcasting   | |  2.5
Conjurations   | |  1.9

Action                   || total
-------------------------++-------
Melee: Unarmed           ||     8
       Spear             ||    77
 Cast: Flame Tongue      ||    55
  Use: Potion            ||     2
       Scroll            ||     6
 Stab: Sleeping          ||     5
  Eat: Ration            ||     1
       Chunk             ||     1
Armor: Robe              ||    33
Dodge: Dodged            ||    75
